 Dungeon Crawl Stone Soup version 0.32-a0-640-gc5db3fc80f (webtiles) character file.

Game seed: 8276508654845929755

141 mopl the Ruffian (level 5, 0/51 HPs)
             Began as an Octopode Shapeshifter on Mar 7, 2024.
             Slain by a sky beast (3 damage)
             ... on level 3 of the Dungeon.
             The game lasted 00:02:10 (1733 turns).

mopl the Ruffian (Octopode Shapeshifter)            Turns: 1733, Time: 00:02:10

Health: 0/51       AC: 22    Str: 14    XL:     5   Next: 24%
Magic:  0/5        EV:  2    Int: 12    God:
Gold:   76         SH:  0    Dex: 13    Spells: 4/4 levels left

rFire   . .          .
                       - Unarmed
rCold   . . .        (no shield)
rNeg    . . .        (helmet currently unavailable)
rPois   +            m - amulet of guardian spirit
rElec   .            (no ring)
rCorr   .            (no ring)
SInv    .            (no ring)
Will    .....        (no ring)
Stlth   +            (no ring)
HPRegen 0.28/turn    (no ring)
MPRegen 0.09/turn    (no ring)
                     (no ring)

%: guardian spirit
@: tree-form
A: stationary, stasis, torment immunity, boosted hp, almost no armour,
(amphibious), 8 rings, (camouflage 1), (gelatinous body 1), (nimble swimmer 1),
(tentacles)
a: no special abilities


You were on level 3 of the Dungeon.
You were a tree.
You visited 1 branch of the dungeon, and saw 3 of its levels.

You collected 76 gold pieces.

Inventory:

Jewellery
 m - an amulet of guardian spirit (around neck)
Talismans
 b - a beast talisman (active)
 c - a flux talisman
 l - a blade talisman
Scrolls
 d - 2 scrolls of fear {unknown}
 f - a scroll of teleportation {unknown}
 g - a scroll of amnesia {unknown}
 h - a scroll of torment {unknown}
 j - a scroll of enchant weapon {unknown}
 k - 2 scrolls of identify {unknown}
 n - 2 scrolls of silence {unknown}
 p - 2 scrolls of vulnerability {unknown}
 r - a scroll of immolation {unknown}
Potions
 e - 2 potions of heal wounds {unknown}
 i - 6 potions of curing {unknown}
 o - 2 potions of might {unknown}
 q - a potion of invisibility {unknown}
 s - a potion of brilliance {unknown}


   Skills:
 + Level 2.0 Fighting
 + Level 2.7 Dodging
 * Level 4.1 Unarmed Combat
 * Level 4.0 Shapeshifting


You had 4 spell levels left.
You didn't know any spells.
Your spell library contained the following spells:

 Spells                   Type           Power      Damage    Failure   Level
 Lesser Beckoning         Tloc           0%         N/A       45%         2
 Scorch                   Fire           0%         2d5       45%         2
 Gell's Gravitas          Tloc           0%         N/A       69%         3
 Teleport Other           Tloc           0%         N/A       69%         3
 Flame Wave               Conj/Fire      0%         2d4       97%         4
 Summon Cactus Giant      Summ           0%         N/A       100%        6


Dungeon Overview and Level Annotations

Branches:
Dungeon (3/15)

Altars:
Qazlal
Ru
Vehumet
Zin
Lugonu

Annotations:
D:3 2 runed translucent doors


Innate Abilities, Weirdness & Mutations

You are a tree.
Your roots penetrate the ground, keeping you stationary.
You cannot be teleported.
You are immune to unholy pain and torment.
Your maximum health is greatly increased.
You cannot wear most types of armour.
((You are amphibious.))
You can wear up to eight rings at the same time.
((Your skin changes colour to match your surroundings (Stealth+).))
((Your rubbery body absorbs attacks. (AC +1, EV +1)))
((You are camouflaged when in or above water. (Stealth+)))
((You have tentacles for arms and can constrict up to eight enemies at once.))


Message History

A sky beast comes into view.
Found a stormy altar of Qazlal.
A frilled lizard comes into view.
Found a stone staircase leading up.
The sky beast flickers out of sight!
Deactivating autopickup; reactivate with Ctrl-A.
You miss the frilled lizard.
The frilled lizard hisses angrily.
You grab the frilled lizard. You constrict the frilled lizard.
You kill the frilled lizard!
A bat comes into view.
Something hits you. Something shocks you.
You see here a frilled lizard corpse.
Unknown command.
Reactivating autopickup.
A sky beast appears from thin air!
The sky beast attacks as it pursues you!
The sky beast hits you but does no damage.
The sky beast misses you. The bat hits you.
You closely miss the bat. Your grab misses the bat.
Your tentacle-slap misses the bat.
The bat hits you but does no damage.
The sky beast flickers out of sight!
Deactivating autopickup; reactivate with Ctrl-A.
You barely miss something. You squeeze something! Something hits you.
Something shocks you. Something hits you. Something shocks you.
The frilled lizard hisses.
Something hits you. Something shocks you.
* * * LOW HITPOINT WARNING * * *
Something hits you.
* * * LOW HITPOINT WARNING * * *
Something shocks you.
* * * LOW HITPOINT WARNING * * *
Your transformation has ended.
You turn into a tree.
Your roots penetrate the ground.
Something hits you but does no damage.
You smack something!
Something hits you but does no damage.
You barely miss something.
You smack something!
Something hits you.
You die...

#.##.# ##.##.######
..#.#...#. #.....##...
.#...#... #..#####.#### #.
#.....#.# #..##.......# #.
..._....# #..##.......# ##.
#.....#.#
#..##.......##.##.
!#...#..#
#..............##.
..#.#l..##<# #♣###.......#
#. ...†.......# #.#
#.....†.#####.
#.....##########b#
#.............
###.........l...l#
####..###.†...
......############ #..#
#.#### .....#### #..# #...#
###.....# #####..###.#.##
#.###.#########
#.............. #.#
#.........###.##....#..#...


You could see a bat and a frilled lizard.

Vanquished Creatures
  A sleepcap (D:3)
  3 gnolls (D:3)
  3 adders
  2 ribbon worms (D:2)
  A dart slug (D:1)
  2 endoplasms
  5 giant cockroaches
  3 goblins (D:1)
  3 hobgoblins
  3 jackals (D:1)
  4 kobolds
  A quokka (D:3)
  6 ball pythons
  6 bats
  4 frilled lizards
  11 rats
58 creatures vanquished.

Notes
Turn   | Place    | Note
-------+----------+-------------------------------------------
     0 | D:1      | mopl the Octopode Shapeshifter began the quest for the Orb.
     0 | D:1      | Reached XP level 1. HP: 13/13 MP: 1/1
    72 | D:1      | Found a faded altar of an unknown god.
   128 | D:1      | Reached XP level 2. HP: 15/18 MP: 2/2
   351 | D:1      | Reached XP level 3. HP: 23/23 MP: 3/3
  1040 | D:2      | Found a sacrificial altar of Ru.
  1099 | D:2      | Reached XP level 4. HP: 26/28 MP: 2/4
  1434 | D:3      | Found a large runed translucent door.
  1434 | D:3      | Found a large runed translucent door.
  1436 | D:3      | Found a corrupted altar of Lugonu.
  1466 | D:3      | Found a glowing silver altar of Zin.
  1504 | D:3      | Found a sacrificial altar of Ru.
  1578 | D:3      | Reached XP level 5. HP: 16/34 MP: 3/5
  1629 | D:3      | Reached skill level 2 in Fighting
  1629 | D:3      | Reached skill level 4 in Unarmed Combat
  1656 | D:3      | Found a radiant altar of Vehumet.
  1673 | D:3      | Reached skill level 4 in Shapeshifting
  1708 | D:3      | Found a stormy altar of Qazlal.
  1708 | D:3      | Noticed a sky beast
  1729 | D:3      | HP: 1/34 [something (4)]
  1733 | D:3      | Slain by a sky beast

Illustrated notes

Levels and vault maps discovered:
D:1:      lemuel_arrival_room, layout_basic, hellmonk_ecumenical_altar_run_dry
D:2:      layout_loops_corners, basic_altar, dreamdust_princess_corridor
D:3:      due_chaos_kobolds, layout_loops_ring, vehumet_crystals,
          lemuel_round_altar, mainiacjoe_overflow_cross_hatched,
          nicolae_qazlal_beasts_of_the_sky

Skill      XL: |  1  2  3  4  5 |
---------------+----------------+-----
Fighting       | 2 |  2.0
Unarmed Combat | 4 |  4.1
Shapeshifting  | 4 |  4.0
Dodging        | |  2.7

Action                     |  1- 3 |  4- 6 || total
---------------------------+-------+-------++-------
  Melee: Unarmed           |    63 |    42 ||   105
         Tentacles         |    16 |     7 ||    23
         Constrict         |    17 |    11 ||    28
         Punch             |     1 |     1 ||     2
    Use: Potion            |       |     1 ||     1
   Stab: Sleeping          |     6 |     4 ||    10
 Armour: Skin              |    20 |    27 ||    47
  Dodge: Dodged            |    33 |    19 ||    52

Table legend: (Time is in decaauts)
 A = Elapsed time spent in this place.
 B = Non-inter-level travel time spent in this place.
 C = Inter-level travel time spent in this place.
 D = Time resting spent in this place.
 E = Time spent auto-exploring this place.
 F = Levels seen in this place.
 G = Mean time per level.
                   A        B        C        D        E       F      G
               +--------+--------+--------+--------+--------+-----+--------+
         Total |   1724 |   1695 |     29 |     43 |   1270 |   3 |  574.7 |
       Dungeon |   1724 |   1695 |     29 |     43 |   1270 |   3 |  574.7 |
               +--------+--------+--------+--------+--------+-----+--------+

Top non-repeatable levels by time:
     D:2: 785 daAuts
     D:1: 624 daAuts
     D:3: 314 daAuts
